[ AOE2 MATCH · #493779775 ]
UnrankedTurks vs Ethiopians
Player's team · LOSS
[ REPLAY ANALYSIS · EXTRACTED FROM THE RECORDED GAME ]
Feudal
9:07
Castle
—
Imperial
—
| APM avg | 81.6 |
| APM peak | 116 |
| eAPM avg | 25.4 |
| Villagers / military | 38 / 12 |
Focus
⚔️ 41.1% · 🌾 58.9%
Scout Cavalry ×10 · Spearman ×2
Feudal
9:23
Castle
—
Imperial
—
| APM avg | 44.9 |
| APM peak | 64 |
| eAPM avg | 14.9 |
| Villagers / military | 33 / 11 |
Focus
⚔️ 27.3% · 🌾 72.7%
Scout Cavalry ×8 · Spearman ×3
Match map
Initial resources + every placement click. Lines = walls · curves = elevation contours. ◆ gold · ⬟ stone · ● berries · ✦ relic · ◌ wall gap
Your base· Open — 8t gap
Jabalí Rabioso's base· Open — unwalled flank
Smoothed initial terrain · ◌ = detected wall gap · hover for details
Inputs per minute
— Putmalk - - Jabalí Rabioso
Build order — Putmalk
94 actions detected in the replay
| 0:00 | Create | Villager (Male) |
| 0:00 | Create | Villager (Male) |
| 0:00 | Create | Villager (Male) |
| 0:01 | Build | House |
| 0:02 | Build | House |
| 0:13 | Create | Villager (Male) |
| 1:32 | Create | Villager (Male) |
| 1:59 | Create | Villager (Male) |
| 2:00 | Create | Villager (Male) |
| 2:09 | Build | Lumber Camp |
| 2:22 | Create | Villager (Male) |
| 2:52 | Create | Villager (Male) |
| 2:53 | Create | Villager (Male) |
| 3:06 | Build | House |
| 3:33 | Create | Villager (Male) |
| 3:33 | Create | Villager (Male) |
| 3:34 | Create | Villager (Male) |
| 4:06 | Create | Villager (Male) |
| 4:49 | Build | Mill |
| 5:16 | Create | Villager (Male) |
| 5:16 | Create | Villager (Male) |
| 5:18 | Create | Villager (Male) |
| 6:07 | Create | Villager (Male) |
| 6:07 | Research | Loom |
| 6:46 | Research | Feudal Age |
| 7:04 | Create | Villager (Male) |
| 7:59 | Build | Barracks |
| 8:34 | Build | House |
| 9:07 | Age | Feudal Age |
| 9:12 | Build | Stable |
| 9:19 | Build | House |
| 9:28 | Create | Villager (Male) |
| 9:34 | Research | Double-Bit Axe |
| 9:34 | Research | Double-Bit Axe |
| 9:53 | Create | Scout Cavalry |
| 9:53 | Create | Scout Cavalry |
| 9:57 | Create | Spearman |
| 10:03 | Create | Villager (Male) |
| 10:12 | Build | House |
| 10:26 | Build | Palisade Wall |
| 10:27 | Create | Villager (Male) |
| 10:37 | Create | Scout Cavalry |
| 10:44 | Create | Villager (Male) |
| 10:46 | Build | Farm |
| 10:49 | Build | Farm |
| 10:53 | Build | Farm |
| 10:56 | Build | Farm |
| 10:56 | Create | Villager (Male) |
| 11:06 | Build | Palisade Wall |
| 11:21 | Create | Villager (Male) |
| 11:30 | Create | Villager (Male) |
| 11:33 | Build | Farm |
| 11:35 | Build | Farm |
| 11:43 | Build | Palisade Wall |
| 11:46 | Build | Farm |
| 11:49 | Build | Farm |
| 12:15 | Build | Palisade Wall |
| 12:19 | Create | Scout Cavalry |
| 12:27 | Create | Villager (Male) |
| 12:32 | Build | House |
| 12:34 | Build | Palisade Wall |
| 12:39 | Build | House |
| 12:40 | Build | House |
| 12:54 | Build | Farm |
| 12:54 | Create | Villager (Male) |
| 13:07 | Create | Scout Cavalry |
| 13:08 | Create | Villager (Male) |
| 13:13 | Create | Villager (Male) |
| 13:22 | Create | Villager (Male) |
| 13:29 | Build | Farm |
| 13:31 | Create | Villager (Male) |
| 13:37 | Build | Farm |
| 13:37 | Create | Villager (Male) |
| 13:51 | Create | Villager (Male) |
| 13:53 | Build | Farm |
| 13:56 | Create | Villager (Male) |
| 14:11 | Create | Villager (Male) |
| 14:16 | Build | Farm |
| 14:22 | Build | Farm |
| 14:31 | Create | Scout Cavalry |
| 14:31 | Create | Scout Cavalry |
| 14:35 | Create | Spearman |
| 14:38 | Build | House |
| 14:47 | Build | Palisade Wall |
| 14:48 | Build | Palisade Wall |
| 14:51 | Build | Palisade Wall |
| 15:11 | Create | Villager (Male) |
| 15:17 | Create | Scout Cavalry |
| 15:21 | Build | Lumber Camp |
| 15:36 | Build | Palisade Wall |
| 15:40 | Create | Scout Cavalry |
| 15:51 | Create | Scout Cavalry |
| 15:53 | Build | Farm |
| 15:54 | Create | Villager (Male) |
Build order — Jabalí Rabioso
79 actions detected in the replay
| 0:02 | Create | Villager (Male) |
| 0:02 | Create | Villager (Male) |
| 0:02 | Create | Villager (Male) |
| 0:02 | Create | Villager (Male) |
| 0:05 | Build | House |
| 0:06 | Build | House |
| 1:46 | Create | Villager (Male) |
| 1:54 | Build | Lumber Camp |
| 2:05 | Create | Villager (Male) |
| 2:21 | Create | Villager (Male) |
| 2:50 | Create | Villager (Male) |
| 3:10 | Create | Villager (Male) |
| 3:10 | Create | Villager (Male) |
| 3:32 | Build | House |
| 3:47 | Create | Villager (Male) |
| 3:47 | Create | Villager (Male) |
| 4:08 | Create | Villager (Male) |
| 4:08 | Create | Villager (Male) |
| 4:37 | Create | Villager (Male) |
| 4:37 | Create | Villager (Male) |
| 5:08 | Create | Villager (Male) |
| 5:08 | Create | Villager (Male) |
| 5:09 | Create | Villager (Male) |
| 5:09 | Create | Villager (Male) |
| 6:02 | Build | Mill |
| 6:10 | Research | Loom |
| 7:13 | Research | Feudal Age |
| 7:55 | Build | Barracks |
| 8:01 | Build | House |
| 9:06 | Build | House |
| 9:23 | Age | Feudal Age |
| 9:25 | Create | Villager (Male) |
| 9:28 | Build | Stable |
| 9:34 | Build | House |
| 9:38 | Create | Spearman |
| 9:42 | Research | Double-Bit Axe |
| 9:46 | Create | Villager (Male) |
| 10:07 | Build | Farm |
| 10:10 | Build | Farm |
| 10:11 | Create | Scout Cavalry |
| 10:24 | Create | Scout Cavalry |
| 10:27 | Create | Villager (Male) |
| 10:30 | Build | Farm |
| 10:33 | Build | Farm |
| 10:37 | Build | Palisade Gate |
| 10:48 | Build | House |
| 10:53 | Build | Palisade Wall |
| 11:00 | Create | Villager (Male) |
| 11:03 | Build | Farm |
| 11:04 | Create | Spearman |
| 11:26 | Create | Villager (Male) |
| 11:28 | Build | Farm |
| 11:29 | Build | Farm |
| 11:44 | Create | Scout Cavalry |
| 12:04 | Create | Scout Cavalry |
| 12:05 | Create | Villager (Male) |
| 12:07 | Build | Farm |
| 12:10 | Build | House |
| 12:32 | Create | Scout Cavalry |
| 12:38 | Create | Villager (Male) |
| 12:39 | Build | Farm |
| 12:41 | Build | Farm |
| 12:43 | Build | House |
| 13:18 | Create | Villager (Male) |
| 13:19 | Build | Farm |
| 13:53 | Create | Villager (Male) |
| 13:55 | Build | Farm |
| 13:57 | Create | Scout Cavalry |
| 14:05 | Build | House |
| 14:08 | Build | Blacksmith |
| 14:14 | Create | Spearman |
| 14:14 | Create | Scout Cavalry |
| 14:24 | Create | Villager (Male) |
| 14:25 | Build | Farm |
| 14:29 | Create | Villager (Male) |
| 14:32 | Create | Scout Cavalry |
| 15:15 | Build | Mining Camp |
| 15:15 | Create | Villager (Male) |
| 15:15 | Create | Villager (Male) |
Match timeline
| 7:55 | Jabalí Rabioso · first_building Barracks |
| 7:59 | Putmalk · first_building Barracks |
| 9:07 | Putmalk · age_up feudal |
| 9:12 | Putmalk · first_building Stable |
| 9:23 | Jabalí Rabioso · age_up feudal |
| 9:28 | Jabalí Rabioso · first_building Stable |
| 10:26 | Putmalk · wall_segment Palisade Wall x11 |
| 10:53 | Jabalí Rabioso · wall_segment Palisade Wall x5 |
| 11:06 | Putmalk · wall_segment Palisade Wall x1 |
| 11:43 | Putmalk · wall_segment Palisade Wall x4 |
| 12:15 | Putmalk · wall_segment Palisade Wall x22 |
| 12:34 | Putmalk · wall_segment Palisade Wall x6 |
| 14:47 | Putmalk · wall_segment Palisade Wall x1 |
| 14:48 | Putmalk · wall_segment Palisade Wall x1 |
| 14:51 | Putmalk · wall_segment Palisade Wall x1 |
| 15:36 | Putmalk · wall_segment Palisade Wall x1 |
| 15:59 | Putmalk · resign |
[ AI ANALYSIS · 1 CREDIT ]
What really happened in this match?
Wolo.gg analyzes every decision: build order, eco, micro, common mistakes by bracket. Personalized analysis on WhatsApp or Discord in 30 seconds.
Civ guide
Turks
Perfil
Putmalk